AoeStats
← Flailer

Arabia

495019829Analyzed
2v2 RM · 2mo ago on Jul 26, 2026· 91m 23s· 4 players
Game mode
Random Map
Map size
Medium (4 player)
Population
200
Speed
Normal
Resources
Standard
Victory
Conquest
Starting age
Dark Age
Ending age
Imperial Age
RankedLock teamsTeams togetherTeam positionsShared explorationLock speedFull tech treeHidden civsTurbo modeCheats
Victory
Defeat
🇳🇴 Japanese · Norway
1348
+17
🇨🇳 Mongols · China
1263
+20
🇹🇷 Slavs · Türkiye
1400
-20
🇹🇷 Maya · Türkiye
1322
-17
Flailer
0:28 Loom
11:01 Feudal Age
16:05 Castle Age
14:29 Double-Bit Axe
14:46 Horse Collar
16:57 Fletching
20:04 Bodkin Arrow
26:02 Padded Archer Armor
27:14 Leather Archer Armor
33:56 Wheelbarrow
39:56 Imperial Age
38:27 Bow Saw
38:55 Ballistics
40:08 Wheelbarrow
40:41 Bracer
44:52 Chemistry
49:53 Ring Archer Armor
56:07 Thumb Ring
58:57 Scale Mail Armor
59:28 Conscription
60:42 Two-Man Saw
59:29 Elite Skirmisher
61:32 Coinage
61:20 Hand Cart
61:58 Conscription
63:46 Hul'che Javelineers
68:07 Heavy Plow
69:06 Banking
72:06 Thumb Ring
73:06 Squires
74:00 Scale Mail Armor
74:11 Forging
84:17 Guilds
85:26 Chain Mail Armor
88:09 Two-Man Saw
88:26 Plate Mail Armor
87:19 Pikeman
Raskolnikov
7:14 Loom
10:01 Feudal Age
14:27 Double-Bit Axe
15:36 Town Watch
16:46 Fletching
18:11 Padded Archer Armor
23:46 Castle Age
22:34 Horse Collar
26:41 Scale Barding Armor
26:47 Forging
27:28 Wheelbarrow
27:59 Heavy Plow
29:12 Iron Casting
30:15 Husbandry
35:52 Ballistics
40:54 Gold Mining
42:27 Hand Cart
45:40 Imperial Age
45:07 Bow Saw
46:08 Bloodlines
46:24 Detinets
45:59 Light Cavalry
46:56 Heavy Scorpion
54:27 Onager
57:13 Cavalier
57:37 Siege Onager
59:38 Blast Furnace
58:59 Chain Barding Armor
60:54 Siege Engineers
61:14 Hussar
68:55 Plate Barding Armor
76:32 Capped Ram
78:55 Siege Ram
80:28 Squires
84:13 Conscription
84:05 Man-at-Arms
84:55 Long Swordsman
85:38 Scale Mail Armor
85:57 Druzhina
86:59 Chain Mail Armor
86:08 Two-Handed Swordsman
88:25 Champion
91:30 Plate Mail Armor
Horagalles
7:44 Loom
10:07 Feudal Age
10:48 Man-at-Arms
11:14 Arson
16:45 Fletching
17:48 Padded Archer Armor
18:52 Double-Bit Axe
21:09 Horse Collar
23:36 Wheelbarrow
27:53 Castle Age
26:14 Scale Mail Armor
26:38 Stone Mining
27:58 Pikeman
27:59 Crossbowman
29:22 Thumb Ring
29:54 Bodkin Arrow
30:17 Squires
33:53 Leather Archer Armor
36:34 Guard Tower
41:51 Imperial Age
41:36 Ballistics
44:06 Bow Saw
45:38 Chemistry
44:49 Arbalester
48:08 Conscription
48:15 Onager
49:48 Elite Skirmisher
50:31 Bracer
51:02 Ring Archer Armor
50:33 Town Watch
51:04 Hand Cart
52:00 Siege Engineers
52:59 Halberdier
56:29 Town Patrol
63:07 Chain Mail Armor
63:03 Forging
64:24 Elite Samurai
67:22 Plate Mail Armor
67:27 Iron Casting
77:35 Two-Man Saw
82:40 Capped Ram
红蜻蜓101
9:50 Loom
11:36 Feudal Age
16:18 Castle Age
14:32 Scale Barding Armor
14:37 Double-Bit Axe
14:38 Horse Collar
16:19 Light Cavalry
19:58 Forging
21:17 Chain Barding Armor
24:43 Iron Casting
35:09 Fletching
37:37 Bow Saw
42:54 Imperial Age
40:53 Ballistics
45:34 Imperial Age
44:17 Gold Mining
46:39 Wheelbarrow
46:22 Bodkin Arrow
50:09 Elite Mangudai
53:34 Padded Archer Armor
60:43 Leather Archer Armor
62:59 Bracer
69:28 Heavy Plow
71:12 Drill
72:27 Onager
76:38 Chemistry
78:29 Siege Onager
84:48 Siege Engineers
85:33 Bloodlines
87:59 Hand Cart
88:14 Hussar
91:48 Blast Furnace
Connection lost

Rejoining the realm…

Still unreachable

The connection could not be restored.

Session expired

The server has moved on; the page needs a fresh start.